TOP OF THE 1ST |
Columbus Clippers batting - Pitching for Gwinnett Braves : RHP Emmanuel Marte
|
Pitching: RHP Emmanuel Marte
|
|
Batting: RHB Gustavo Franco
|
0-0: Ball 1-0: Ground out 5-3 (Groundball, 56S, EV 72.5 MPH)
|
Batting: RHB Juan de Leon
|
0-0: Ball 1-0: Called Strike 1-1: Foul Ball, location: 9LMF 1-2: DOUBLE (Line Drive, 9LS, EV 106.9 MPH)
|
Batting: LHB Bill Barnie
|
0-0: Ball 1-0: Fly out, F4 (Line Drive, 4, EV 70.0 MPH)
|
Batting: RHB Kyle Allen
|
0-0: Ball 1-0: Called Strike 1-1: Ground out 5-3 (Groundball, 56S, EV 80.6 MPH)
|
Top of the 1st over - 0 runs, 1 hit, 0 errors, 1 left on base; Columbus 0 - Gwinnett 0 |
BOTTOM OF THE 1ST |
Gwinnett Braves batting - Pitching for Columbus Clippers : LHP Dustin Brace
|
Pitching: LHP Dustin Brace
|
|
Batting: LHB John Hamlin
|
0-0: Ground out 6-3 (Groundball, 6, EV 102.5 MPH)
|
Batting: RHB David Raab
|
0-0: Ball 1-0: Called Strike 1-1: Ball 2-1: SINGLE (Flyball, 8RS, EV 89.4 MPH)
|
Batting: RHB Lauro Pisani
|
0-0: Swinging Strike 0-1: Called Strike 0-2: Strikes out swinging
|
Batting: RHB Rich Thomas
|
0-0: Foul Ball, location: 2F 0-1: DOUBLE (Flyball, 8LXD, EV 108.1 MPH) David Raab to third
|
Batting: SHB Cesar Licon
|
0-0: Ball 1-0: Ball 2-0: Called Strike 2-1: Called Strike Balk! David Raab scores Rich Thomas to third 2-2: Foul Ball, location: 3SF 2-2: Foul Ball, location: 25F 2-2: Ball 3-2: Fly out, F9 (Flyball, 9, EV 90.0 MPH)
|
Bottom of the 1st over - 1 run, 2 hits, 0 errors, 1 left on base; Columbus 0 - Gwinnett 1 |
TOP OF THE 2ND |
Columbus Clippers batting - Pitching for Gwinnett Braves : RHP Emmanuel Marte
|
Batting: RHB Jon Carter
|
0-0: Foul Ball, location: 9LDF 0-1: Ball 1-1: Ball 2-1: Foul Ball, location: 23F 2-2: Foul Ball, location: 2F 2-2: Ball 3-2: Strikes out swinging
|
Batting: LHB Andres Pagan
|
0-0: Fly out, F8 (Flyball, 8LM, EV 88.1 MPH)
|
Batting: RHB Spencer Fishwick
|
0-0: Fly out, F8 (Flyball, 8LM, EV 96.9 MPH)
|
Top of the 2nd over - 0 runs, 0 hits, 0 errors, 0 left on base; Columbus 0 - Gwinnett 1 |
BOTTOM OF THE 2ND |
Gwinnett Braves batting - Pitching for Columbus Clippers : LHP Dustin Brace
|
Batting: RHB Drew Dietzel
|
0-0: Ball 1-0: Ground out 5-3 (Groundball, 5, EV 76.9 MPH)
|
Batting: LHB Oscarli Javier King
|
0-0: Called Strike 0-1: Fly out, F7 (Line Drive, 7, EV 85.6 MPH)
|
Batting: RHB Carlos Bolanos
|
0-0: Called Strike 0-1: Foul Ball, location: 2F 0-2: Ground out 6-3 (Groundball, 6, EV 79.4 MPH)
|
Bottom of the 2nd over - 0 runs, 0 hits, 0 errors, 0 left on base; Columbus 0 - Gwinnett 1 |
TOP OF THE 3RD |
Columbus Clippers batting - Pitching for Gwinnett Braves : RHP Emmanuel Marte
|
Batting: RHB Joe Figuera
|
0-0: Ball 1-0: Fly out, F3 (Popup, 3F, EV 54.4 MPH)
|
Batting: RHB Ryan Parker
|
0-0: Hit by Pitch
|
Batting: RHB Gustavo Franco
|
0-0: Ball 1-0: Ball 2-0: Foul Ball, location: 25FF 2-1: Called Strike 2-2: Foul Ball, location: 23F 2-2: Fly out, F7 (Flyball, 7LMF, EV 96.3 MPH)
|
Batting: RHB Juan de Leon
|
0-0: Ball 1-0: Foul Ball, location: 9LDF 1-1: Ball 2-1: Called Strike 2-2: Foul Ball, location: 23F 2-2: SINGLE (Line Drive, 89S, EV 105.6 MPH) Ryan Parker to second Runner from 2nd tries for 3rd, SAFE, throw by RF made to third
|
Batting: LHB Bill Barnie
|
0-0: Ball 1-0: Fielders Choice at 2nd, 5-4 (Groundball, 56, EV 88.1 MPH)
|
Top of the 3rd over - 0 runs, 1 hit, 0 errors, 2 left on base; Columbus 0 - Gwinnett 1 |
BOTTOM OF THE 3RD |
Gwinnett Braves batting - Pitching for Columbus Clippers : LHP Dustin Brace
|
Batting: RHB Dan Larkin
|
0-0: Ball 1-0: Swinging Strike 1-1: Swinging Strike 1-2: SINGLE (Groundball, 4MD, EV 108.1 MPH)
|
Batting: LHB John Hamlin
|
0-0: Ball 1-0: DOUBLE (Flyball, 9D, EV 98.8 MPH) Dan Larkin to third Dan Larkin scores
|
Batting: RHB David Raab
|
0-0: Ball 1-0: Foul Ball, location: 23F 1-1: Fly out, F6 (Popup, 5D, EV 57.5 MPH)
|
Batting: RHB Lauro Pisani
|
0-0: 2-RUN HOME RUN (Flyball, 8RXD, EV 101.3 MPH), Distance : 409 ft
|
Batting: RHB Rich Thomas
|
0-0: Called Strike 0-1: Foul Ball, location: 5F 0-2: Strikes out looking
|
Batting: SHB Cesar Licon
|
0-0: Ball 1-0: Ground out 4-3 (Groundball, 4, EV 100.0 MPH)
|
Bottom of the 3rd over - 3 runs, 3 hits, 0 errors, 0 left on base; Columbus 0 - Gwinnett 4 |
TOP OF THE 4TH |
Columbus Clippers batting - Pitching for Gwinnett Braves : RHP Emmanuel Marte
|
Batting: RHB Kyle Allen
|
0-0: Ball 1-0: Called Strike 1-1: Foul Ball, location: 3SF 1-2: Ball 2-2: Strikes out swinging
|
Batting: RHB Jon Carter
|
0-0: Foul Ball, location: 3F 0-1: SOLO HOME RUN (Flyball, 8LXD, EV 99.4 MPH), Distance : 421 ft
|
Batting: LHB Andres Pagan
|
0-0: Ball 1-0: Foul Ball, location: 3DF 1-1: Swinging Strike 1-2: Ball 2-2: Strikes out swinging
|
Batting: RHB Spencer Fishwick
|
0-0: SINGLE (Groundball, 34D, EV 94.4 MPH)
|
Batting: RHB Joe Figuera
|
0-0: Foul Ball, location: 23F 0-1: Foul Ball, location: 9LMF 0-2: Foul Ball, location: 9LSF 0-2: Foul Ball, location: 3SF 0-2: Ball 1-2: Ball 2-2: Foul Ball, location: 2F 2-2: 2-RUN HOME RUN (Flyball, 78XD, EV 105.0 MPH), Distance : 388 ft
|
Batting: RHB Ryan Parker
|
0-0: Ball 1-0: Ball 2-0: Ball 3-0: Base on Balls
|
Batting: RHB Gustavo Franco
|
0-0: Called Strike 0-1: Swinging Strike 0-2: Ball Wild Pitch! Ryan Parker to second 1-2: Foul Ball, location: 23F 1-2: Foul Ball, location: 9LMF 1-2: Foul Ball, location: 3SF 1-2: Ball 2-2: Fly out, F8 (Line Drive, 8LM, EV 86.3 MPH)
|
Top of the 4th over - 3 runs, 3 hits, 0 errors, 1 left on base; Columbus 3 - Gwinnett 4 |
BOTTOM OF THE 4TH |
Gwinnett Braves batting - Pitching for Columbus Clippers : LHP Dustin Brace
|
Batting: RHB Drew Dietzel
|
0-0: Ball 1-0: Ball 2-0: Foul Ball, location: 9LSF 2-1: Ground out U3 (Groundball, 34, EV 86.3 MPH)
|
Batting: LHB Oscarli Javier King
|
0-0: Swinging Strike 0-1: Ball 1-1: SINGLE (Groundball, 34D, EV 106.9 MPH)
|
Batting: RHB Carlos Bolanos
|
0-0: Foul Ball, location: 5DF 0-1: Ball 1-1: Fly out, F9 (Flyball, 9, EV 91.3 MPH)
|
Batting: RHB Dan Larkin
|
0-0: Ball 1-0: Ball 2-0: Foul Ball, location: 2F 2-1: Foul Ball, location: 2F 2-2: Foul Ball, location: 7LSF 2-2: SINGLE (Line Drive, 6D, EV 98.1 MPH) Oscarli Javier King to second
|
Batting: LHB John Hamlin
|
0-0: Called Strike 0-1: Foul Ball, location: 7LDF 0-2: Ball 1-2: Ball 2-2: Ball 3-2: Foul Ball, location: 5F 3-2: Base on Balls Oscarli Javier King to third Dan Larkin to second
|
Batting: RHB David Raab
|
0-0: Called Strike 0-1: Ball 1-1: Called Strike 1-2: Foul Ball, location: 3FF 1-2: Strikes out swinging
|
Bottom of the 4th over - 0 runs, 2 hits, 0 errors, 3 left on base; Columbus 3 - Gwinnett 4 |
TOP OF THE 5TH |
Columbus Clippers batting - Pitching for Gwinnett Braves : RHP Emmanuel Marte
|
Batting: RHB Juan de Leon
|
0-0: Called Strike 0-1: Fly out, F9 (Flyball, 9, EV 94.4 MPH)
|
Batting: LHB Bill Barnie
|
0-0: DOUBLE (Flyball, 8RXD, EV 96.9 MPH)
|
Batting: RHB Kyle Allen
|
0-0: Called Strike 0-1: Swinging Strike 0-2: Ball 1-2: Ball 2-2: Ball 3-2: Strikes out swinging
|
Batting: RHB Jon Carter
|
0-0: Ball 1-0: Called Strike 1-1: Fly out, F3 (Popup, 3F, EV 53.1 MPH)
|
Top of the 5th over - 0 runs, 1 hit, 0 errors, 1 left on base; Columbus 3 - Gwinnett 4 |
BOTTOM OF THE 5TH |
Gwinnett Braves batting - Pitching for Columbus Clippers : LHP Dustin Brace
|
Batting: RHB Lauro Pisani
|
0-0: Fly out, F9 (Flyball, 9, EV 90.6 MPH)
|
Batting: RHB Rich Thomas
|
0-0: Ball 1-0: Called Strike 1-1: SINGLE (Line Drive, 6MD, EV 104.4 MPH)
|
Batting: SHB Cesar Licon
|
0-0: Called Strike 0-1: Ball 1-1: Foul Ball, location: 3F 1-2: Ball 2-2: Strikes out swinging
|
Batting: RHB Drew Dietzel
|
0-0: Ball 1-0: Called Strike 1-1: Ball 2-1: Ball 3-1: Fielders Choice at 2nd, U4 (Groundball, 4M, EV 82.5 MPH)
|
Bottom of the 5th over - 0 runs, 1 hit, 0 errors, 1 left on base; Columbus 3 - Gwinnett 4 |
TOP OF THE 6TH |
Columbus Clippers batting - Pitching for Gwinnett Braves : RHP Emmanuel Marte
|
Batting: LHB Andres Pagan
|
0-0: Ball 1-0: Called Strike 1-1: SINGLE (Flyball, 78S, EV 83.8 MPH)
|
Batting: RHB Spencer Fishwick
|
0-0: Foul Ball, location: 9LMF 0-1: Reached on error, E5 (Groundball, 5, EV 87.5 MPH) Andres Pagan to third
|
Batting: RHB Joe Figuera
|
0-0: Ball 1-0: SINGLE (Line Drive, 78M, EV 88.1 MPH) Andres Pagan scores Spencer Fishwick to third
|
Batting: RHB Ryan Parker
|
0-0: Called Strike 0-1: Swinging Strike 0-2: Ball 1-2: Strikes out swinging
|
Batting: RHB Gustavo Franco
|
0-0: Ball 1-0: Foul Ball, location: 2LF 1-1: Called Strike 1-2: Ball 2-2: Ball 3-2: Base on Balls Joe Figuera to second
|
Batting: RHB Juan de Leon
|
0-0: DOUBLE (Flyball, 78XD, EV 110.6 MPH) Spencer Fishwick scores Joe Figuera scores Gustavo Franco to third
|
Pitching: RHP Josh Bearden
|
|
Batting: LHB Bill Barnie
|
0-0: Ball 1-0: Ground out 3-1 (Groundball, 13, EV 86.3 MPH) Gustavo Franco scores Juan de Leon to third
|
Batting: RHB Kyle Allen
|
0-0: SINGLE (Line Drive, 89M, EV 106.3 MPH) Juan de Leon scores
|
Batting: RHB Jon Carter
|
0-0: Ball 1-0: Ball 2-0: Foul Ball, location: 2LF 2-1: Foul Ball, location: 3F 2-2: Fly out, F7 (Line Drive, 7, EV 94.4 MPH)
|
Top of the 6th over - 5 runs, 4 hits, 1 error, 1 left on base; Columbus 8 - Gwinnett 4 |
BOTTOM OF THE 6TH |
Gwinnett Braves batting - Pitching for Columbus Clippers : LHP Dustin Brace
|
Batting: LHB Oscarli Javier King
|
0-0: Called Strike 0-1: Ground out 4-3 (Groundball, 4, EV 89.4 MPH)
|
Batting: RHB Carlos Bolanos
|
0-0: Called Strike 0-1: Ball 1-1: Foul Ball, location: 3SF 1-2: SINGLE (Flyball, 8LS, EV 89.4 MPH)
|
Batting: RHB Dan Larkin
|
0-0: Ball 1-0: Fly out, F9 (Flyball, 9, EV 95.6 MPH)
|
Batting: LHB John Hamlin
|
0-0: Foul Ball, location: 3SF 0-1: DOUBLE (Line Drive, 89M, EV 105.0 MPH) Carlos Bolanos to third
|
Pinch Runner at 2nd Pete Slutsky:
|
|
Batting: RHB David Raab
|
0-0: Ball 1-0: Ball 2-0: Foul Ball, location: 2LF 2-1: Ball 3-1: Base on Balls
|
Batting: RHB Lauro Pisani
|
0-0: Called Strike 0-1: Called Strike 0-2: SINGLE (Line Drive, 7LS, EV 108.1 MPH) Carlos Bolanos scores Pete Slutsky to third David Raab to second Runner from 3rd tries for Home, SAFE, throw by LF to home
|
Pitching: RHP Sam Selby
|
|
Batting: RHB Rich Thomas
|
0-0: Ground out 3-1 (Groundball, 34, EV 84.4 MPH)
|
Bottom of the 6th over - 2 runs, 3 hits, 0 errors, 2 left on base; Columbus 8 - Gwinnett 6 |
TOP OF THE 7TH |
Columbus Clippers batting - Pitching for Gwinnett Braves : RHP Josh Bearden
|
Now at 2B: Pete Slutsky
|
|
Batting: LHB Andres Pagan
|
0-0: Swinging Strike 0-1: Swinging Strike 0-2: Ball 1-2: Strikes out looking
|
Batting: RHB Spencer Fishwick
|
0-0: Foul Ball, location: 3F 0-1: Swinging Strike 0-2: Foul Ball, location: 9LSF 0-2: Foul Ball, location: 2F 0-2: Strikes out swinging, 2-3 out at first.
|
Batting: RHB Joe Figuera
|
0-0: Called Strike 0-1: Ball 1-1: Foul Ball, location: 3FF 1-2: Ball 2-2: Fly out, F4 (Popup, 4MD, EV 54.4 MPH)
|
Top of the 7th over - 0 runs, 0 hits, 0 errors, 0 left on base; Columbus 8 - Gwinnett 6 |
BOTTOM OF THE 7TH |
Gwinnett Braves batting - Pitching for Columbus Clippers : RHP Sam Selby
|
Now at 1B: Gustavo de Jesus
|
|
Batting: SHB Cesar Licon
|
0-0: Foul Ball, location: 9LSF 0-1: Swinging Strike 0-2: Ball 1-2: Foul Ball, location: 2F 1-2: Ball 2-2: Foul Ball, location: 3DF 2-2: Fly out, F9 (Flyball, 89M, EV 92.5 MPH)
|
Batting: RHB Drew Dietzel
|
0-0: Ground out 6-3 (Groundball, 6, EV 78.1 MPH)
|
Batting: LHB Oscarli Javier King
|
0-0: Fly out, F4 (Line Drive, 4M, EV 68.1 MPH)
|
Bottom of the 7th over - 0 runs, 0 hits, 0 errors, 0 left on base; Columbus 8 - Gwinnett 6 |
TOP OF THE 8TH |
Columbus Clippers batting - Pitching for Gwinnett Braves : RHP Josh Bearden
|
Batting: RHB Ryan Parker
|
0-0: Foul Ball, location: 2F 0-1: Called Strike 0-2: Strikes out looking
|
Batting: RHB Gustavo Franco
|
0-0: Called Strike 0-1: Foul Ball, location: 23F 0-2: Ball 1-2: Foul Ball, location: 9LDF 1-2: Foul Ball, location: 2F 1-2: Ball 2-2: Foul Ball, location: 3F 2-2: Fly out, F9 (Flyball, 9, EV 95.6 MPH)
|
Batting: RHB Juan de Leon
|
0-0: Called Strike 0-1: Foul Ball, location: 2F 0-2: Ball 1-2: Foul Ball, location: 9LDF 1-2: Strikes out looking
|
Top of the 8th over - 0 runs, 0 hits, 0 errors, 0 left on base; Columbus 8 - Gwinnett 6 |
BOTTOM OF THE 8TH |
Gwinnett Braves batting - Pitching for Columbus Clippers : RHP Sam Selby
|
Batting: RHB Carlos Bolanos
|
0-0: Called Strike 0-1: Called Strike 0-2: Ball 1-2: Ball 2-2: Ball 3-2: Foul Ball, location: 23F 3-2: Foul Ball, location: 2F 3-2: Strikes out swinging
|
Batting: RHB Dan Larkin
|
0-0: Ball 1-0: Called Strike 1-1: Called Strike 1-2: Ground out 6-3 (Groundball, 6, EV 86.9 MPH)
|
Batting: RHB Pete Slutsky
|
0-0: Swinging Strike 0-1: Ball 1-1: Fly out, F3 (Popup, 3, EV 62.5 MPH)
|
Bottom of the 8th over - 0 runs, 0 hits, 0 errors, 0 left on base; Columbus 8 - Gwinnett 6 |
TOP OF THE 9TH |
Columbus Clippers batting - Pitching for Gwinnett Braves : RHP Josh Bearden
|
Batting: LHB Bill Barnie
|
0-0: Ball 1-0: Called Strike 1-1: SINGLE (Groundball, 6MD, EV 99.4 MPH)
|
Batting: RHB Kyle Allen
|
0-0: Called Strike 0-1: Ball 1-1: Foul Ball, location: 2F 1-2: Ball 2-2: Ground out 4-3 (Groundball, 34S, EV 83.8 MPH) Bill Barnie to second
|
Batting: RHB Jon Carter
|
0-0: Ball 1-0: Ball 2-0: Foul Ball, location: 5FF 2-1: Ball 3-1: Base on Balls
|
Batting: LHB Andres Pagan
|
0-0: Fielders Choice at 2nd, 6-4 (Groundball, 6M, EV 90.0 MPH) Bill Barnie to third
|
Batting: RHB Spencer Fishwick
|
0-0: Ball 1-0: Fly out, F4 (Line Drive, 4MD, EV 78.1 MPH)
|
Top of the 9th over - 0 runs, 1 hit, 0 errors, 2 left on base; Columbus 8 - Gwinnett 6 |
BOTTOM OF THE 9TH |
Gwinnett Braves batting - Pitching for Columbus Clippers : RHP Sam Selby
|
Batting: RHB David Raab
|
0-0: Swinging Strike 0-1: Ground out 6-3 (Groundball, 56, EV 104.4 MPH)
|
Batting: RHB Lauro Pisani
|
0-0: Called Strike 0-1: Ball 1-1: Ball 2-1: Ball 3-1: Foul Ball, location: 9LDF 3-2: Fly out, F5 (Popup, 5L, EV 66.9 MPH)
|
Batting: RHB Rich Thomas
|
0-0: Foul Ball, location: 2F 0-1: DOUBLE (Line Drive, 89XD, EV 106.9 MPH)
|
Batting: SHB Cesar Licon
|
0-0: Ball 1-0: Fly out, F7 (Flyball, 7S, EV 91.9 MPH)
|
Bottom of the 9th over - 0 runs, 1 hit, 0 errors, 1 left on base; Columbus 8 - Gwinnett 6 |
|